 Dungeon Crawl Stone Soup version 0.20.0-7-g3b7b877 (console) character file.

2593 Cruella the Covert (level 9, 0/40 HPs)
             Began as a Gargoyle Enchanter on May 29, 2017.
             Was an Initiate of Dithmenos.
             Slain by a hellwing (8 damage)
             ... on level 7 of the Dungeon.
             The game lasted 00:49:46 (6860 turns).

Cruella the Covert (Gargoyle Enchanter)             Turns: 6860, Time: 00:49:47

Health: 0/40       AC: 11    Str: 11    XL:     9   Next: 58%
Magic:  3/15       EV: 12    Int: 20    God:    Dithmenos [......]
Gold:   375        SH:  0    Dex: 10    Spells: 4/16 levels left

rFire    . . .     SeeInvis .   P - +5 dagger (freeze) (curse)
rCold    . . .     Gourm    .   (no shield)
rNeg     + . .     Faith    .   b - +0 robe
rPois    ∞         Spirit   .   (no helmet)
rElec    +         Reflect  .   D - +0 cloak
rCorr    .         Harm     .   (no gloves)
MR       .....     Rnd*Rage +   p - +0 pair of boots
Stlth    ++++......             (no amulet)
Regen    0.2/turn               (no ring)
MPRegen  0.2/turn               (no ring)

@: no status effects
A: claws 1, hooves 1, slimy green scales 1, berserk 1, frail 1, negative energy
resistance 1, electricity resistance, unbreathing, petrification resistance, rot
immunity, AC +5
a: Renounce Religion


You were on level 7 of the Dungeon.
You worshipped Dithmenos.
Dithmenos was noncommittal.
You were not hungry.

You visited 2 branches of the dungeon, and saw 8 of its levels.

You collected 375 gold pieces.

Inventory:

Hand Weapons
 a - a +1 dagger
 f - a +0 spear
 i - a +0 short sword
 n - a +0 vampiric war axe
 F - a +0 rapier
 K - the +1 flail "Etaj" {holy, rElec}
   (You found it on level 5 of the Dungeon)

   It has been blessed by the Shining One to cause great damage to the undead
   and demons.
   It insulates you from electricity.
 L - a +0 giant club
 P - a cursed +5 dagger of freezing (weapon)
 Q - a +0 trident
Missiles
 h - 106 arrows
 k - 101 stones (quivered)
 v - 7 poisoned javelins
 M - 18 sling bullets
 R - 19 poisoned needles
Armour
 b - a +0 robe (worn)
 p - a +0 pair of boots (worn)
 D - a +0 cloak (worn)
 S - a +0 robe of fire resistance
Jewellery
 u - an uncursed amulet of guardian spirit
 G - an uncursed ring of loudness
Wands
 z - a wand of acid (7/15)
 A - a wand of flame (15/48)
 N - a wand of iceblast (5/15)
Scrolls
 l - 3 scrolls of remove curse
 s - 3 scrolls of identify
 w - 2 scrolls of teleportation
 x - 2 scrolls of enchant weapon
 y - a scroll of enchant armour {unknown}
 B - a scroll of blinking {unknown}
 C - 2 scrolls of fog {unknown}
 E - 2 scrolls of recharging {unknown}
 H - 2 scrolls of magic mapping
 J - a scroll of fear
Potions
 e - 3 potions of curing
 j - 3 potions of heal wounds
 q - 3 potions of might
 I - a potion of flight
 O - a potion of berserk rage
Books
 c - a book of Maledictions

   Spells                             Type                      Level
   a - Corona                         Hexes                        1
   b - Ensorcelled Hibernation        Hexes/Ice                    2
   c - Confuse                        Hexes                        3
   d - Tukima's Dance                 Hexes                        3
   e - Dazzling Spray                 Conjuration/Hexes            3
 o - a book of Changes

   Spells                             Type                      Level
   a - Beastly Appendage              Transmutation                1
   b - Sticks to Snakes               Transmutation                2
   c - Spider Form                    Transmutation/Poison         3
   d - Ice Form                       Ice/Transmutation            4
   e - Blade Hands                    Transmutation                5
 r - a book of Necromancy

   Spells                             Type                      Level
   a - Pain                           Necromancy                   1
   b - Animate Skeleton               Necromancy                   1
   c - Vampiric Draining              Necromancy                   3
   d - Regeneration                   Charms/Necromancy            3
   e - Animate Dead                   Necromancy                   4
   f - Control Undead                 Necromancy                   4
Comestibles
 d - 3 bread rations
 g - 6 meat rations
 m - 11 fruits
 t - 4 chunks of flesh


   Skills:
 + Level 3.9 Short Blades
 - Level 1.5 Dodging
 - Level 9.9 Stealth
 - Level 4.0 Spellcasting
 - Level 8.0 Hexes


You had 4 spell levels left.
You knew the following spells:

 Your Spells              Type           Power        Failure   Level  Hunger
a - Corona                Hex            #####..      1%          1    None
b - Ensorcelled Hibernat  Hex/Ice        ###...       3%          2    #......
c - Confuse               Hex            #####...     1%          3    ###....
d - Tukima's Dance        Hex            #####...     1%          3    ###....
e - Dazzling Spray        Conj/Hex       ###...       8%          3    ###....


Dungeon Overview and Level Annotations

Branches:
Dungeon (7/15)             Temple (1/1) D:7

Altars:
Ashenzari
Cheibriados
Dithmenos
Elyvilon
Fedhas
Kikubaaqudgha
Nemelex Xobeh
Okawaru
Sif Muna
Uskayaw
Vehumet
Xom
Zin
The Shining One

Shops:
D:4 =   D:5 }

Annotations:
D:4 Natasha


Innate Abilities, Weirdness & Mutations

You are resistant to torment.
Your stone body is resilient. (AC +5)
You are immune to poison.
You resist negative energy. (rN+)
You are resistant to electric shocks. (rElec)
You can survive without breathing.
You are immune to petrification.
You are immune to rotting.
You have sharp fingernails.
You have large cloven feet.
You are partially covered in slimy green scales. (AC +2)
You tend to lose your temper in combat.
You are frail. (-10% HP)


Message History

Confirm with . or Enter, or press ? or * to list all spells.
Aiming: Confuse
Press: ? - help, Shift-Dir - straight line, f/p - centaur warrior zombie
Aim: a centaur warrior zombie (confused, chance to defeat MR: 70%)
The hellwing easily resists.
The centaur warrior zombie hits the shadow imp!
The hellwing swoops through the air toward you!
The hellwing hits you!
* * * LOW HITPOINT WARNING * * *
The hellwing hits you but does no damage.
The centaur warrior zombie hits the shadow imp.
The shadow imp is killed!
Dithmenos accepts your kill.
Casting: Confuse
Confirm with . or Enter, or press ? or * to list all spells.
Aiming: Confuse
Press: ? - help, Shift-Dir - straight line, f - hellwing, p - centaur warrior zombie
Aim: a hellwing (chance to defeat MR: 29%)
The hellwing easily resists.
The hellwing hits you!
You die...

###P...Z...
#...Z....?.
#.###5Z.5....∩P
#....Z#..8.....
#####.#.....8....
#.Z..5#...Z...8..
##.####..........
#.# ##........P
#@######.......8
#4....# ##....#
#####.###.....#
#.........#
####.##$†....#
#....#.........
#.##.#.........
#.##.#.....####
#####.##.......#


You could see a hellwing and a centaur warrior zombie (confused).

Vanquished Creatures
  Sigmund (D:4)
  Eustachio (D:6)
  A hornet zombie (D:6)
  An orc warrior (D:6)
  A phantom (D:4)
  4 ogres
  2 centaurs (D:6)
  3 bullfrogs (D:6)
  A water moccasin skeleton (D:7)
  3 wights (D:7)
  2 crimson imps
  3 hounds
  2 centaur zombies (D:7)
  2 jellies (D:6)
  A bullfrog skeleton (D:4)
  3 iguanas
  5 orc wizards
  2 worker ants
  2 hound skeletons
  A worker ant zombie (D:6)
  A gnoll (D:2)
  A howler monkey skeleton (D:4)
  7 adders
  3 shadow imps
  A worm (D:2)
  5 dart slugs
  4 leopard geckos
  18 orcs
  2 ball pythons
  7 giant cockroaches
  8 goblins
  13 hobgoblins
  6 quokkas
  8 bats
  6 frilled lizards
  A giant cockroach zombie (D:6)
  5 kobolds
  A leopard gecko skeleton (D:4)
  7 rats
145 creatures vanquished.

Notes
Turn   | Place    | Note
-------+----------+-------------------------------------------
     0 | D:1      | Cruella the Gargoyle Enchanter began the quest for the Orb.
     0 | D:1      | Reached XP level 1. HP: 10/10 MP: 3/3
   263 | D:1      | Reached XP level 2. HP: 14/15 MP: 5/5
   414 | D:1      | Reached skill level 1 in Short Blades
   725 | D:1      | Reached XP level 3. HP: 12/19 MP: 4/6
   729 | D:1      | Learned a level 2 spell: Ensorcelled Hibernation
  1259 | D:2      | Found a white marble altar of Elyvilon.
  1342 | D:2      | Found a blossoming altar of Fedhas.
  1562 | D:2      | Reached XP level 4. HP: 8/24 MP: 3/7
  1599 | D:2      | Learned a level 3 spell: Confuse
  1899 | D:3      | Found a hide-covered altar of Uskayaw.
  2258 | D:3      | Reached XP level 5. HP: 26/28 MP: 4/8
  2266 | D:3      | Found a shimmering altar of Xom.
  2266 | D:3      | Found a shimmering altar of Xom.
  2278 | D:3      | Found a shimmering altar of Xom.
  2887 | D:4      | Noticed Sigmund
  2895 | D:4      | Killed Sigmund
  2895 | D:4      | Reached skill level 5 in Stealth
  2895 | D:4      | Reached XP level 6. HP: 22/32 MP: 5/9
  2947 | D:4      | Reached skill level 6 in Stealth
  3052 | D:4      | Noticed Natasha
  3165 | D:4      | Found Pucituo's Jewellery Boutique.
  3234 | D:5      | Entered Level 5 of the Dungeon
  3241 | D:5      | Found Feadere's Gadget Shop.
  3340 | D:5      | Reached XP level 7. HP: 32/36 MP: 0/10
  3440 | D:5      | Found an ancient bone altar of Kikubaaqudgha.
  3649 | D:5      | Got a slimy flail
  3650 | D:5      | Identified the +1 flail "Etaj" {holy, rElec} (You found it on level 5 of the Dungeon)
  3706 | D:5      | Found a deep blue altar of Sif Muna.
  3752 | D:5      | Found a glowing golden altar of the Shining One.
  4152 | D:4      | Learned a level 3 spell: Tukima's Dance
  4157 | D:4      | Learned a level 3 spell: Dazzling Spray
  4695 | D:6      | Reached XP level 8. HP: 41/41 MP: 11/14
  4791 | D:6      | Reached skill level 5 in Hexes
  5599 | D:6      | Reached XP level 9. HP: 43/45 MP: 12/15
  5687 | D:6      | Reached skill level 7 in Stealth
  6025 | D:6      | Noticed Eustachio
  6116 | D:6      | Killed Eustachio
  6235 | D:7      | Found a staircase to the Ecumenical Temple.
  6245 | Temple   | Entered the Ecumenical Temple
  6322 | Temple   | Became a worshipper of Dithmenos the Shadowed
  6422 | D:7      | Gained mutation: You tend to lose your temper in combat. [potion of mutation]
  6422 | D:7      | Gained mutation: Your body sometimes deteriorates upon taking damage. [potion of mutation]
  6422 | D:7      | Gained mutation: You have a pair of small horns on your head. [potion of mutation]
  6423 | D:7      | Lost mutation: You have a pair of small horns on your head. [potion of mutation]
  6423 | D:7      | Lost mutation: Your body sometimes deteriorates upon taking damage. [potion of mutation]
  6423 | D:7      | Gained mutation: You have sharp fingernails. [potion of mutation]
  6423 | D:7      | Gained mutation: You are frail. (-10% HP) [potion of mutation]
  6423 | D:7      | Gained mutation: You are partially covered in slimy green scales. (AC +2) [potion of mutation]
  6423 | D:7      | Gained mutation: You have large cloven feet. [potion of mutation]
  6503 | D:7      | Reached skill level 8 in Stealth
  6822 | D:7      | Reached skill level 9 in Stealth
  6847 | D:7      | Noticed a hellwing
  6848 | D:7      | Noticed a hellwing
  6860 | D:7      | Slain by a hellwing

Skill      XL: |  1  2  3  4  5  6  7  8  9 |
---------------+----------------------------+-----
Hexes          | 3 4 7 8 |  8.0
Short Blades   | 1 2 3 |  3.9
Stealth        | 5 6 9 |  9.9
Spellcasting   | 4 |  4.0
Dodging        | |  1.5

Action                   |  1- 3 |  4- 6 |  7- 9 || total
-------------------------+-------+-------+-------++-------
Melee: Dagger            |    48 |   279 |   372 ||   699
       Short sword       |    89 |       |       ||    89
 Cast: Corona            |    21 |     8 |     4 ||    33
       Ensorcelled Hiber |     8 |    15 |    16 ||    39
       Confuse           |       |     8 |    42 ||    50
Evoke: Wand              |       |     1 |     6 ||     7
  Use: Scroll            |     6 |     1 |     4 ||    11
       Potion            |       |     1 |    11 ||    12
 Stab: Sleeping          |     8 |    11 |    17 ||    36
       Confused          |       |     6 |    23 ||    29
  Eat: Chunk             |     3 |     6 |    14 ||    23
       Royal jelly       |       |     1 |     1 ||     2
Armor: Robe              |    64 |    88 |   129 ||   281
Dodge: Dodged            |   109 |   168 |   206 ||   483
